[Event "Titled Tuesday Blitz March 07 Early 2023"]
[White "Sabar, Ethmane Daouda"]
[Black "Tharushi, T H D Niklesha"]
[WhiteFideId "19600097"]
[BlackFideId "9918264"]
[WhiteElo "1950"]
[BlackElo "1596"]
[Result "1-0"]
[Round "11"]
[TimeControl "180+2"]
[Date "2023.03.07"]
[WhiteClock "0:00:17"]
[BlackClock "0:00:01"]

1. b3 d5 2. Bb2 c5 3. e3 Nc6 4. f4 e5 5. fxe5 Qh4+ 6. g3 Qe4 7. Nf3 Bg4 8. Bg2 Nxe5 9. Bxe5 Bxf3 10. Qxf3 Qxe5 11. O-O Nf6 12. Nc3 O-O-O 13. Nb5 a6 14. d4 Qe4 15. Qf2 Qe6 16. Nc3 Re8 17. Rae1 Re7 18. dxc5 Ng4 19. Qf4 Nxe3 20. Nd1 Nxg2 21. Rxe6 Nxf4 22. Rxe7 Bxe7 23. Rxf4 Bxc5+ 24. Kg2 f6 25. Rf5 Rd8 26. Nc3 d4 27. Ne4 Ba7 28. Rh5 Re8 29. Kf3 h6 30. h4 Kd7 31. Rd5+ Kc6 32. Rd6+ Kc7 33. Rd5 Kc6 34. Rf5 Bb6 35. g4 Ba7 36. g5 hxg5 37. hxg5 Re6 38. gxf6 gxf6 39. Nxf6 1-0


[Site "https://www.chess.com"]

[Event "Titled Tuesday Blitz March 07 Early 2023"]
[White "Winkels, Marcel"]
[Black "Jaivardhan Raj"]
[WhiteFideId "1003887"]
[BlackFideId "25744437"]
[WhiteElo "1900"]
[BlackElo "1772"]
[Result "1-0"]
[Round "11"]
[TimeControl "180+2"]
[Date "2023.03.07"]
[WhiteClock "0:02:13"]
[BlackClock "0:02:19"]

1. d4 Nf6 2. Bf4 e6 3. Nf3 c5 4. e3 cxd4 5. exd4 Nc6 6. c3 d5 7. Bd3 Bd6 8. Bg3 O-O 9. Nbd2 Qa5 10. Bxd6 Rd8 11. Bg3 Qb6 12. O-O Bd7 13. Rb1 Rac8 14. Ne5 Nxe5 15. Bxe5 Bb5 16. Bxb5 1-0


[Site "https://www.chess.com"]

[Event "Titled Tuesday Blitz March 07 Early 2023"]
[White "Dilmukhametov, Artur"]
[Black "Sanchez, Robert"]
[WhiteFideId "24179922"]
[BlackFideId "2034360"]
[WhiteElo "2199"]
[BlackElo "2257"]
[Result "1-0"]
[Round "11"]
[TimeControl "180+2"]
[Date "2023.03.07"]
[WhiteClock "0:01:28"]
[BlackClock "0:02:27"]

1. d4 d5 2. Nc3 e6 3. Bf4 Nf6 4. e3 Bb4 5. Bd3 c5 6. Nf3 c4 7. Be2 Ne4 8. O-O Nxc3 9. bxc3 Bxc3 10. Rb1 O-O 11. Be5 Nc6 12. h4 f6 13. Bg3 a6 14. Nh2 b5 15. f3 Bb4 16. e4 Bd6 17. Bxd6 Qxd6 18. exd5 Qxd5 19. c3 e5 20. dxe5 Qxe5 21. Re1 Bf5 22. Bxc4+ bxc4 23. Rxe5 Nxe5 24. Rb2 Rfd8 25. Rd2 Nd3 26. Nf1 Re8 27. Re2 Rab8 28. Rxe8+ Rxe8 29. Qd2 Re1 30. Qf4 1-0